cohdb
Replays
Latest Replays
All Replays
Popular Replays
Top Player Replays
Match Explorer
How It Works
Community
CoH3 Stats
Reddit
Sign in to upload your games and track your stats! →
Sign in with Steam
Match 45889522
Unlisted
Match 45889522
Overview
Messages
Build Orders
End
Panzergrenadier Squad
Panzergrenadier Squad
Construct Light Support Kompanie
Panzergrenadier Squad
Fire Support Elements
Selects Italian Infantry
Selects Defensive Operations
Panzerjäger Mechanized Group
2.5-tonne Medical Truck
Veteran Squad Leaders
Selects Prepared Positions
Selects Prepared Positions
Forward Retreat Point
Construct Panzerarmee Kommand
Pak 38 Mechanized Group
Selects Obice 305mm Barrage
Flakvierling Half-track
Obice 305mm Barrage
Tungsten Core Ammunition
Rapid Advance
Armored Reserves
Selects Guastatori Squad
Selects Guastatori Squad
Guastatori Squad
Obice 305mm Barrage
Flak 36 Anti-tank Gun Team
Selects Registered Artillery
Registered Artillery
Obice 305mm Barrage
MuniekPL
Papa Shango
Husar
Torus
Team saupiquet
Marwar
0
0
Comments
sign in to comment!
No comments posted yet!